 Dungeon Crawl Stone Soup version 0.28-a0-1555-g9ae15a6949 (webtiles) character file.

Game seed: 10369409626874207362

17 HallandMoats the Skirmisher (level 2, -4/26 HPs)
             Began as a Ghoul Monk on Jan 19, 2022.
             Slain by a gnoll (5 damage)
             ... on level 1 of the Dungeon.
             The game lasted 00:01:17 (1724 turns).

HallandMoats the Skirmisher (Ghoul Monk)            Turns: 1724, Time: 00:01:17

Health: -4/26      AC:  2    Str: 14    XL:     2   Next: 62%
Magic:  1/1        EV: 12    Int:  5    God:
Gold:   70         SH:  0    Dex: 11    Spells: 1/1 levels left

rFire   . . .      SeeInvis .     - Unarmed
rCold   + . .      Faith    .   (no shield)
rNeg    + + +      Spirit   .   a - +0 robe
rPois   ∞          Reflect  .   (no helmet)
rElec   .          Harm     .   (no cloak)
rCorr   .          Rampage  .   (no gloves)
Will    .....                   (no boots)
Stlth   ++........              (no amulet)
HPRegen 0.00/turn               (no ring)
MPRegen 0.07/turn               (no ring)

@: inhibited regen
A: claws 1, cold resistance 1, negative energy resistance 3, inhibited
regeneration, torment resistance 2
a: no special abilities


You were on level 1 of the Dungeon.
You visited 1 branch of the dungeon, and saw 2 of its levels.

You collected 70 gold pieces.

Inventory:

Missiles
 c - 3 poisoned darts (quivered)
Armour
 a - a +0 robe (worn)
Wands
 j - a wand of acid (9)
Scrolls
 e - a scroll of immolation {unknown}
 h - a scroll of teleportation {unknown}
 i - a scroll of noise {unknown}
Potions
 b - a potion of mutation {unknown}
 d - a potion of attraction {unknown}
 f - 2 potions of ambrosia {unknown}
 g - 2 potions of curing {unknown}


   Skills:
 + Level 3.5 Fighting
 * Level 1.1 Axes
 + Level 0.6 Armour
 + Level 2.9 Dodging
 - Level 2.1 Stealth
 - Level 3.2 Unarmed Combat


You had one spell level left.
You didn't know any spells.
Your spell library was empty.

Dungeon Overview and Level Annotations

Branches:
Dungeon (2/15)

Altars:


Innate Abilities, Weirdness & Mutations

You thrive by killing the living.
You are immune to poison.
You have sharp fingernails.
Your flesh is cold resistant. (rC+)
You are immune to negative energy. (rN+++)
You do not regenerate when monsters are visible.
You are immune to unholy pain and torment.


Message History

You are too injured to fight recklessly!
You are too injured to fight recklessly!
You are too injured to fight recklessly!
You are too injured to fight recklessly!
You are too injured to fight recklessly!
You are too injured to fight recklessly!
You are too injured to fight recklessly!
You are too injured to fight recklessly!
There is a stone staircase leading up here.
You climb upwards.
There is a stone staircase leading down here.
You start resting.
HP restored.
You climb downwards.
The gnoll closely misses you. The gnoll hits you with a +0 whip.
The gnoll closely misses you. The gnoll hits you with a +0 club.
The gnoll hits you with a +0 whip. The gnoll barely misses you.
There is a stone staircase leading up here.
There is a stone staircase leading up here.
You climb upwards.
There is a stone staircase leading down here.
You scratch the gnoll.
The gnoll is moderately wounded.
The gnoll completely misses you.
You scratch the gnoll.
The gnoll is moderately wounded.
The gnoll completely misses you.
You scratch the gnoll.
The gnoll is heavily wounded.
The gnoll hits you with a +0 club.
You barely miss the gnoll.
The gnoll is heavily wounded.
You closely miss the gnoll.
The gnoll is heavily wounded.
The gnoll hits you with a +0 club!
* * * LOW HITPOINT WARNING * * *
You barely miss the gnoll. You claw the gnoll.
The gnoll is severely wounded.
The gnoll hits you with a +0 club.
You die...

####≈≈≈P≈≈≈≈≈≈≈≈≈≈≈≈
####≈.≈≈≈≈≈≈≈≈P≈.P
###......≈≈≈..≈P.≈≈.
#...................
#.........###.......
#.....#######.#####.
#.....# #..# ##
#.g...# #### #..@..#
#######


You could see a gnoll.

Vanquished Creatures
  A worm (D:2)
  A ball python (D:1)
  2 endoplasms
  2 goblins (D:1)
  2 hobgoblins (D:1)
  3 bats
  A frilled lizard (D:2)
  2 rats (D:1)
14 creatures vanquished.

Vanquished Creatures (others)
  12 plants (D:2)
12 creatures vanquished.

Grand Total: 26 creatures vanquished

Notes
Turn   | Place    | Note
-------+----------+-------------------------------------------
     0 | D:1      | HallandMoats the Ghoul Monk began the quest for the Orb.
     0 | D:1      | Reached XP level 1. HP: 19/19 MP: 0/0
   455 | D:1      | Reached XP level 2. HP: 26/26 MP: 1/1
  1252 | D:2      | Reached skill level 1 in Axes
  1723 | D:1      | HP: 1/26 [gnoll (8)]
  1724 | D:1      | Slain by a gnoll

Illustrated notes

Levels and vault maps discovered:
D:1:      kilobyte_arrival_exit_the_forest, layout_rooms, chequers_big_river,
          hex_intersection
D:2:      layout_loops_cross, nicolae_grassy_gnolls

Skill      XL: |  1  2 |
---------------+-------+-----
Axes           | 1 |  1.1
Fighting       | |  3.5
Armour         | |  0.6
Dodging        | |  2.9
Stealth        | |  2.1
Unarmed Combat | |  3.2

Action                   || total
-------------------------++-------
Melee: Unarmed           ||    64
       Punch             ||     2
 Stab: Sleeping          ||     2
Armor: Robe              ||    13
Dodge: Dodged            ||    37

Table legend: (Time is in decaauts)
 A = Elapsed time spent in this place.
 B = Non-inter-level travel time spent in this place.
 C = Inter-level travel time spent in this place.
 D = Time resting spent in this place.
 E = Time spent auto-exploring this place.
 F = Levels seen in this place.
 G = Mean time per level.
                   A        B        C        D        E       F      G
               +--------+--------+--------+--------+--------+-----+--------+
         Total |   1743 |   1724 |     19 |    258 |   1254 |   2 |  871.5 |
       Dungeon |   1743 |   1724 |     19 |    258 |   1254 |   2 |  871.5 |
               +--------+--------+--------+--------+--------+-----+--------+

Top non-repeatable levels by time:
     D:1: 1430 daAuts
     D:2: 313 daAuts
